 Dungeon Crawl Stone Soup version 0.27.1 (webtiles) character file.

Game seed: 12909842914015977152

7 hawla the Sneak (level 1, -4/13 HPs)
             Began as a Deep Elf Delver on Aug 22, 2021.
             Slain by Edmund (9 damage)
             ... on level 4 of the Dungeon.
             The game lasted 00:03:32 (535 turns).

hawla the Sneak (Deep Elf Delver)                    Turns: 535, Time: 00:03:32

Health: -4/13      AC:  4    Str:  9    XL:     1   Next: 91%
Magic:  3/3        EV: 12    Int: 14    God:
Gold:   9          SH:  0    Dex: 16    Spells: 0/0 levels left

rFire    . . .     SeeInvis .   i - +0 rapier
rCold    . . .     Faith    .   (no shield)
rNeg     . . .     Spirit   .   b - +0 leather armour
rPois    .         Reflect  .   (no helmet)
rElec    .         Harm     .   (no cloak)
rCorr    .         Rampage  .   a - +0 pair of gloves
Will     .....                  (no boots)
Stlth    +++.......             (no amulet)
HPRegen  0.04/turn              (no ring)
MPRegen  0.08/turn              (no ring)

@: no status effects
A: no striking features
a: no special abilities


You were on level 4 of the Dungeon.
You visited 1 branch of the dungeon, and saw 2 of its levels.

You collected 9 gold pieces.

Inventory:

Hand Weapons
 i - a +0 rapier (weapon)
Armour
 a - a +0 pair of gloves (worn)
 b - a +0 leather armour (worn)
Wands
 g - a wand of digging (2)
 j - a wand of flame (11)
Scrolls
 d - a scroll of magic mapping
 e - a scroll of fear


   Skills:
 + Level 2.4 Fighting
 + Level 2.0 Short Blades
 + Level 2.4 Dodging
 + Level 6.4 Stealth


You couldn't memorise any spells.
You didn't know any spells.
Your spell library was empty.

Dungeon Overview and Level Annotations

Branches:
Dungeon (5/15)
 Temple: D:4-7

Altars:

Annotations:
D:4 Edmund


Message History

An orc comes into view. It is wielding a +0 hand axe.
The orc moves out of view.
An orc is nearby!
Aiming: Throw Flame
Press: ? - help, Shift-Dir - straight line, f - orc
Aim: an orc, wielding a +0 flail (68% to hit)
The puff of flame misses the orc.
The goblin shouts!
An adder comes into view.
Aiming: Throw Flame
Press: ? - help, Shift-Dir - straight line, f/p - orc
Aim: an orc, wielding a +0 flail (68% to hit)
The puff of flame misses the orc.
The adder hisses angrily.
Aiming: Dig
Press: ? - help, Shift-Dir - straight line, p - orc A rock wall.
The rock shatters into small pieces.
The orc hits you but does no damage.
A phantom comes into view.
The phantom misses you. The phantom hits you!
Ouch! That really hurt!
The phantom blinks!
You blink.
Blink to where?
Press: ? - help, Dir - move target Edmund the Younger comes into view.
He is wielding a +2 vorpal dire flail.
As you read the scroll labelled VEOGOH APPIASCH, it crumbles to dust.
It was a scroll of blinking.
As you read the scroll of fog, it crumbles to dust.
The scroll dissolves into smoke.
A phantom is nearby!
Found a scroll labelled BEAPUEWITE.
Found a scroll labelled HOENEG JIAVEKO.
The helpless Edmund fails to defend himself.
You impale Edmund!!
Edmund is severely wounded.
Edmund hits you with a +2 vorpal dire flail!
Ouch! That really hurt!
You die...

#§§ #.# #.#....
#§# #.# # ##.##
#§# #.# #.≈≈
#§# #.# #.##..≈
#§## #.#
#.....≈ #§§#
#.# #####..
######SW###
#.####......
..?..§§§..#
#...........
.....§@@..#
#...........
..........#
#...........
?.........#
#.####o###..
..............#
#.# #..
..............#
#.###..
..............#
#.o.o..
..........###.#
####o..
..........# .#
.o .


You could see Edmund, a phantom and an adder.

Vanquished Creatures
  An adder skeleton (D:4)
  An endoplasm (D:4)
  A goblin (D:4)
  A hobgoblin (D:4)
4 creatures vanquished.

Notes
Turn   | Place    | Note
-------+----------+-------------------------------------------
     0 | D:5      | hawla the Deep Elf Delver began the quest for the Orb.
     0 | D:5      | Reached XP level 1. HP: 13/13 MP: 3/3
    86 | D:5      | Noticed a scorpion
    87 | D:5      | Noticed a scorpion
    87 | D:5      | Noticed a sky beast
   195 | D:4      | Noticed an orc wizard
   517 | D:4      | Noticed a phantom
   523 | D:4      | Noticed Edmund
   535 | D:4      | Slain by Edmund

Illustrated notes

Levels and vault maps discovered:
D:4:      layout_basic, minivault_25, grunt_decor_junction,
          chequers_serial_rivers_micro_c, uniq_edmund
D:5:      layout_basic, serial_shops, nicolae_shop_trees

Action                   || total
-------------------------++-------
Melee: Rapier            ||     9
Evoke: Wand              ||     4
  Use: Scroll            ||     3
       Potion            ||     1
 Stab: Sleeping          ||     2
Armor: Leather armour    ||     2
Dodge: Dodged            ||     3
